| TOP OF THE 1ST |
|
Houston Astros batting - Pitching for Cincinnati Reds : RHP Gary Nolan
|
|
Pitching: RHP Gary Nolan
|
|
|
Batting: RHB Julio Franco
|
0-0: Ball 1-0: Foul Ball, location: 2F 1-1: Called Strike 1-2: Strikes out swinging
|
|
Batting: LHB Steve Kemp
|
0-0: Ball 1-0: Ball 2-0: Fly out, F8 (Line Drive, 8RM, EV 88.1 MPH)
|
|
Batting: RHB Zail Smith
|
0-0: Called Strike 0-1: Ball 1-1: Called Strike 1-2: SOLO HOME RUN (Flyball, 7LD, EV 99.4 MPH), Distance : 361 ft
|
|
Batting: RHB John Castino
|
0-0: Foul Ball, location: 2F 0-1: Ball 1-1: Called Strike 1-2: SINGLE (Line Drive, 8RS, EV 110.0 MPH)
|
|
Batting: SHB Tom Herr
|
0-0: Ball 1-0: Ball 2-0: Ball 3-0: Called Strike 3-1: Foul Ball, location: 2F 3-2: Fly out, F9 (Line Drive, 9D, EV 91.9 MPH)
|
| Top of the 1st over - 1 run, 2 hits, 0 errors, 1 left on base; Houston 1 - Cincinnati 0 |
| BOTTOM OF THE 1ST |
|
Cincinnati Reds batting - Pitching for Houston Astros : RHP Ramon Molina
|
|
Pitching: RHP Ramon Molina
|
|
|
Batting: RHB Gary Matthews
|
0-0: Ball 1-0: Foul Ball, location: 2F 1-1: Bunt - Flyout to 13! F1
|
|
Batting: LHB Joseph Talley
|
0-0: Called Strike 0-1: Called Strike 0-2: Ball 1-2: Strikes out swinging
|
|
Batting: LHB Mike Easler
|
0-0: Reached on error, E4 (Groundball, 4, EV 88.1 MPH)
|
|
Batting: RHB Johnny Bench
|
0-0: Called Strike 0-1: Ball 1-1: Foul Ball, location: 2F 1-2: Ground out 1-3 (Groundball, 15S, EV 69.4 MPH)
|
| Bottom of the 1st over - 0 runs, 0 hits, 1 error, 1 left on base; Houston 1 - Cincinnati 0 |
| TOP OF THE 2ND |
|
Houston Astros batting - Pitching for Cincinnati Reds : RHP Gary Nolan
|
|
Batting: LHB George Vukovich
|
0-0: Foul Ball, location: 2F 0-1: Ball 1-1: Swinging Strike 1-2: SINGLE (Line Drive, 5L, EV 103.1 MPH)
|
|
Batting: RHB Tim Tolman
|
0-0: Grounds into double play, 6-4-3 (Groundball, 6, EV 80.6 MPH)
|
|
Batting: LHB Jerry Narron
|
0-0: Foul Ball, location: 2F 0-1: Ground out 6-3 (Groundball, 6M, EV 105.0 MPH)
|
| Top of the 2nd over - 0 runs, 1 hit, 0 errors, 0 left on base; Houston 1 - Cincinnati 0 |
| BOTTOM OF THE 2ND |
|
Cincinnati Reds batting - Pitching for Houston Astros : RHP Ramon Molina
|
|
Batting: LHB Darrell Evans
|
0-0: Swinging Strike 0-1: Ball 1-1: Ball 2-1: Ball 3-1: Foul Ball, location: 2F 3-2: Foul Ball, location: 2F 3-2: Foul Ball, location: 2F 3-2: Base on Balls
|
|
Batting: RHB Luis Gonzalez
|
0-0: Foul Ball, location: 2F 0-1: Foul Ball, location: 2F 0-2: Ball 1-2: Fly out, F9 (Flyball, 9LS, EV 77.5 MPH)
|
|
Batting: RHB Jim Anderson
|
0-0: SINGLE (Line Drive, 8RS, EV 108.8 MPH) Darrell Evans to second
|
|
Batting: RHB Jesus Alfaro
|
0-0: Ball 1-0: Called Strike 1-1: Swinging Strike 1-2: Ball 2-2: Strikes out looking
|
|
Batting: RHB Gary Nolan
|
0-0: Ball 1-0: Ball Wild Pitch! Darrell Evans to third Jim Anderson to second 2-0: Ball 3-0: Base on Balls
|
|
Batting: RHB Gary Matthews
|
0-0: Ball 1-0: Fly out, F4 (Popup, 34, EV 75.6 MPH)
|
| Bottom of the 2nd over - 0 runs, 1 hit, 0 errors, 3 left on base; Houston 1 - Cincinnati 0 |
| TOP OF THE 3RD |
|
Houston Astros batting - Pitching for Cincinnati Reds : RHP Gary Nolan
|
|
Batting: SHB Ramon Molina
|
0-0: Ground out U3 (Groundball, 34S, EV 87.5 MPH)
|
|
Batting: RHB Julio Franco
|
0-0: Foul Ball, location: 2F 0-1: Ground out 4-3 (Groundball, 4, EV 102.5 MPH)
|
|
Batting: LHB Steve Kemp
|
0-0: Ball 1-0: Ball 2-0: Ball 3-0: Called Strike 3-1: Base on Balls
|
|
Batting: RHB Zail Smith
|
0-0: Called Strike 0-1: Ball 1-1: Swinging Strike 1-2: Ball 2-2: Foul Ball, location: 2F 2-2: Fly out, F7 (Flyball, 7S, EV 88.1 MPH)
|
| Top of the 3rd over - 0 runs, 0 hits, 0 errors, 1 left on base; Houston 1 - Cincinnati 0 |
| BOTTOM OF THE 3RD |
|
Cincinnati Reds batting - Pitching for Houston Astros : RHP Ramon Molina
|
|
Batting: LHB Joseph Talley
|
0-0: Ball 1-0: Called Strike 1-1: Foul Ball, location: 2F 1-2: Ball 2-2: Foul Ball, location: 2F 2-2: Ball 3-2: Foul Ball, location: 2F 3-2: Foul Ball, location: 2F 3-2: Foul Ball, location: 2F 3-2: Fly out, F8 (Flyball, 8RM, EV 93.8 MPH)
|
|
Batting: LHB Mike Easler
|
0-0: Called Strike 0-1: Ball 1-1: Ball 2-1: Ball 3-1: Foul Ball, location: 2F 3-2: Base on Balls
|
|
Batting: RHB Johnny Bench
|
0-0: Ball 1-0: Called Strike Mike Easler steals 2nd base 1-1: Foul Ball, location: 2F 1-2: Foul Ball, location: 2F 1-2: Ground out U3 (Groundball, 34, EV 96.3 MPH) Mike Easler to third
|
|
Batting: LHB Darrell Evans
|
0-0: Ball 1-0: Ground out 6-3 (Groundball, 6, EV 83.8 MPH)
|
| Bottom of the 3rd over - 0 runs, 0 hits, 0 errors, 1 left on base; Houston 1 - Cincinnati 0 |
| TOP OF THE 4TH |
|
Houston Astros batting - Pitching for Cincinnati Reds : RHP Gary Nolan
|
|
Batting: RHB John Castino
|
0-0: Ball 1-0: Called Strike 1-1: Ball 2-1: Foul Ball, location: 2F 2-2: Fly out, F9 (Line Drive, 9, EV 90.6 MPH)
|
|
Batting: SHB Tom Herr
|
0-0: Foul Ball, location: 2F 0-1: Ball 1-1: Swinging Strike 1-2: Ball 2-2: Ball 3-2: Base on Balls
|
|
Batting: LHB George Vukovich
|
0-0: Ball 1-0: Fly out, F6 (Popup, 15, EV 77.5 MPH)
|
|
Batting: RHB Tim Tolman
|
0-0: Ground out 6-3 (Groundball, 6D, EV 100.6 MPH)
|
| Top of the 4th over - 0 runs, 0 hits, 0 errors, 1 left on base; Houston 1 - Cincinnati 0 |
| BOTTOM OF THE 4TH |
|
Cincinnati Reds batting - Pitching for Houston Astros : RHP Ramon Molina
|
|
Batting: RHB Luis Gonzalez
|
0-0: Ball 1-0: Ball 2-0: Swinging Strike 2-1: Called Strike 2-2: Strikes out swinging
|
|
Batting: RHB Jim Anderson
|
0-0: Ball 1-0: Ground out 1-3 (Groundball, 34S, EV 90.0 MPH)
|
|
Batting: RHB Jesus Alfaro
|
0-0: Foul Ball, location: 2F 0-1: Fly out, F2 (Popup, 15S, EV 85.6 MPH)
|
| Bottom of the 4th over - 0 runs, 0 hits, 0 errors, 0 left on base; Houston 1 - Cincinnati 0 |
| TOP OF THE 5TH |
|
Houston Astros batting - Pitching for Cincinnati Reds : RHP Gary Nolan
|
|
Batting: LHB Jerry Narron
|
0-0: Ball 1-0: Ball 2-0: Ball 3-0: Base on Balls
|
|
Batting: SHB Ramon Molina
|
Pickoff Throw to First - Out! 1-3 0-0: Called Strike 0-1: Foul Ball, location: 2F 0-2: Ball 1-2: Ground out U3 (Groundball, 34, EV 107.5 MPH)
|
|
Batting: RHB Julio Franco
|
0-0: Fly out, F9 (Flyball, 9, EV 96.3 MPH)
|
| Top of the 5th over - 0 runs, 0 hits, 0 errors, 0 left on base; Houston 1 - Cincinnati 0 |
| BOTTOM OF THE 5TH |
|
Cincinnati Reds batting - Pitching for Houston Astros : RHP Ramon Molina
|
|
Batting: RHB Gary Nolan
|
0-0: Ball 1-0: Ball 2-0: Ground out 6-3 (Groundball, 6, EV 88.8 MPH)
|
|
Batting: RHB Gary Matthews
|
0-0: Ball 1-0: Ball 2-0: Ball 3-0: Base on Balls
|
|
Batting: LHB Joseph Talley
|
0-0: Ball 1-0: Called Strike 1-1: Ball 2-1: Grounds into double play, 5-4-3 (Groundball, 56S, EV 86.9 MPH)
|
| Bottom of the 5th over - 0 runs, 0 hits, 0 errors, 0 left on base; Houston 1 - Cincinnati 0 |
| TOP OF THE 6TH |
|
Houston Astros batting - Pitching for Cincinnati Reds : RHP Gary Nolan
|
|
Batting: LHB Steve Kemp
|
0-0: Bunt for hit to 5S - play at first, batter OUT! 5-3
|
|
Batting: RHB Zail Smith
|
0-0: Foul Ball, location: 2F 0-1: Swinging Strike 0-2: Ball 1-2: Foul Ball, location: 2F 1-2: Strikes out swinging
|
|
Batting: RHB John Castino
|
0-0: Ball 1-0: Swinging Strike 1-1: Ball 2-1: SINGLE (Groundball, 56D, EV 107.5 MPH)
|
|
Batting: SHB Tom Herr
|
0-0: Called Strike 0-1: Called Strike 0-2: Ground out 4-3 (Groundball, 34, EV 104.4 MPH)
|
| Top of the 6th over - 0 runs, 1 hit, 0 errors, 1 left on base; Houston 1 - Cincinnati 0 |
| BOTTOM OF THE 6TH |
|
Cincinnati Reds batting - Pitching for Houston Astros : RHP Ramon Molina
|
|
Batting: LHB Mike Easler
|
0-0: Ball 1-0: Foul Ball, location: 2F 1-1: Called Strike 1-2: Ball 2-2: Foul Ball, location: 2F 2-2: SINGLE (Groundball, 4D, EV 111.9 MPH)
|
|
Batting: RHB Johnny Bench
|
0-0: Called Strike 0-1: Ball 1-1: Foul Ball, location: 2F 1-2: Ball 2-2: Ball 3-2: Fly out, F7 (Flyball, 78D, EV 100.6 MPH)
|
|
Batting: LHB Darrell Evans
|
0-0: Swinging Strike 0-1: Ball 1-1: Swinging Strike 1-2: Strikes out swinging
|
|
Batting: RHB Luis Gonzalez
|
0-0: Called Strike 0-1: Ground out U3 (Groundball, 3, EV 85.0 MPH)
|
| Bottom of the 6th over - 0 runs, 1 hit, 0 errors, 1 left on base; Houston 1 - Cincinnati 0 |
| TOP OF THE 7TH |
|
Houston Astros batting - Pitching for Cincinnati Reds : RHP Gary Nolan
|
|
Batting: LHB George Vukovich
|
0-0: Ball 1-0: Ball 2-0: Called Strike 2-1: Swinging Strike 2-2: Strikes out swinging
|
|
Batting: RHB Tim Tolman
|
0-0: Ball 1-0: Ball 2-0: SINGLE (Line Drive, 34D, EV 95.0 MPH)
|
|
Batting: LHB Jerry Narron
|
0-0: Ball 1-0: Ball 2-0: Called Strike 2-1: Ball 3-1: Grounds into double play, 6-4-3 (Groundball, 6, EV 108.1 MPH)
|
| Top of the 7th over - 0 runs, 1 hit, 0 errors, 0 left on base; Houston 1 - Cincinnati 0 |
| BOTTOM OF THE 7TH |
|
Cincinnati Reds batting - Pitching for Houston Astros : RHP Ramon Molina
|
|
Batting: RHB Jim Anderson
|
0-0: Called Strike 0-1: Swinging Strike 0-2: Ball 1-2: Foul Ball, location: 2F 1-2: Strikes out looking
|
|
Batting: RHB Jesus Alfaro
|
0-0: Called Strike 0-1: Ground out 6-3 (Groundball, 56, EV 89.4 MPH)
|
|
Batting: RHB Gary Nolan
|
0-0: Ground out 4-3 (Groundball, 34, EV 107.5 MPH)
|
| Bottom of the 7th over - 0 runs, 0 hits, 0 errors, 0 left on base; Houston 1 - Cincinnati 0 |
| TOP OF THE 8TH |
|
Houston Astros batting - Pitching for Cincinnati Reds : RHP Gary Nolan
|
|
Batting: SHB Ramon Molina
|
0-0: Called Strike 0-1: Foul Ball, location: 2F 0-2: Ball 1-2: Fly out, F5 (Line Drive, 5, EV 73.8 MPH)
|
|
Batting: RHB Julio Franco
|
0-0: Ball 1-0: Swinging Strike 1-1: SINGLE (Groundball, 34S, EV 70.0 MPH) (infield hit)
|
|
Batting: LHB Steve Kemp
|
0-0: Called Strike 0-1: Foul Ball, location: 2F 0-2: Ball 1-2: Ball 2-2: Ball 3-2: Fly out, F9 (Flyball, 9LM, EV 88.1 MPH)
|
|
Batting: RHB Zail Smith
|
0-0: Ball Julio Franco is caught stealing 2nd base 2-4
|
| Top of the 8th over - 0 runs, 1 hit, 0 errors, 0 left on base; Houston 1 - Cincinnati 0 |
| BOTTOM OF THE 8TH |
|
Cincinnati Reds batting - Pitching for Houston Astros : RHP Ramon Molina
|
|
Batting: RHB Gary Matthews
|
0-0: Foul Ball, location: 2F 0-1: SINGLE (Line Drive, 9LM, EV 108.1 MPH)
|
|
Batting: LHB Joseph Talley
|
0-0: Bunted foul 0-1: Ball 1-1: Bunt - Flyout to 2R - DP at third! 2-3
|
|
Batting: LHB Mike Easler
|
0-0: Called Strike 0-1: Swinging Strike 0-2: Ball 1-2: Strikes out swinging
|
| Bottom of the 8th over - 0 runs, 1 hit, 0 errors, 0 left on base; Houston 1 - Cincinnati 0 |
| TOP OF THE 9TH |
|
Houston Astros batting - Pitching for Cincinnati Reds : RHP Gary Nolan
|
|
Batting: RHB Zail Smith
|
0-0: Called Strike 0-1: Ball 1-1: Ball 2-1: Called Strike 2-2: Ball 3-2: Ground out 6-3 (Groundball, 6, EV 94.4 MPH)
|
|
Batting: RHB John Castino
|
0-0: Ball 1-0: SINGLE (Groundball, 6D, EV 100.0 MPH)
|
|
Batting: SHB Tom Herr
|
0-0: Foul Ball, location: 2F 0-1: Ball 1-1: Swinging Strike 1-2: SINGLE (Line Drive, 78M, EV 95.6 MPH) John Castino to second Runner from 2nd tries for 3rd, SAFE, throw by LF made to third Tom Herr to second
|
|
Batting: LHB George Vukovich
|
0-0: Intentional Walk
|
|
Batting: RHB Tim Tolman
|
0-0: Ball 1-0: Foul Ball, location: 2F 1-1: Foul Ball, location: 2F 1-2: Strikes out swinging
|
|
Batting: LHB Jerry Narron
|
0-0: Called Strike 0-1: Foul Ball, location: 2F 0-2: Ball 1-2: Fielders Choice at 2nd, U6 (Groundball, 6M, EV 100.0 MPH)
|
| Top of the 9th over - 0 runs, 2 hits, 0 errors, 3 left on base; Houston 1 - Cincinnati 0 |
| BOTTOM OF THE 9TH |
|
Cincinnati Reds batting - Pitching for Houston Astros : RHP Ramon Molina
|
|
Now at 2B: Ricky Adams
|
|
|
Pinch Hitting: LHB Chad Daley
|
0-0: SINGLE (Flyball, 8RS, EV 85.6 MPH)
|
|
Batting: LHB Darrell Evans
|
0-0: Ball 1-0: Foul Ball, location: 2F 1-1: Ball 2-1: Ball 3-1: Base on Balls Chad Daley to second
|
|
Pitching: LHP Doug Capilla
|
|
|
Now at C: Dave Skaggs
|
|
|
Pinch Runner at 2nd Mike Buskey:
|
|
|
Batting: RHB Luis Gonzalez
|
0-0: Ball 1-0: Ball 2-0: Called Strike 2-1: Foul Ball, location: 2F 2-2: Ball 3-2: Base on Balls Mike Buskey to third Darrell Evans to second
|
|
Batting: RHB Jim Anderson
|
0-0: Called Strike 0-1: Ball 1-1: Ball 2-1: Grounds into fielders choice 3-2 (Groundball, 34, EV 88.1 MPH) Darrell Evans to third Luis Gonzalez to second
|
|
Batting: RHB Jesus Alfaro
|
0-0: Foul Ball, location: 2F 0-1: Ball 1-1: Called Strike 1-2: Strikes out swinging
|
|
Pinch Hitting: RHB Nick Deurloo
|
0-0: Called Strike 0-1: Fly out, F8 (Line Drive, 8LM, EV 95.6 MPH)
|
| Bottom of the 9th over - 0 runs, 1 hit, 0 errors, 3 left on base; Houston 1 - Cincinnati 0 |
|